 Dungeon Crawl Stone Soup version 0.31-a0-765-g67fe2935dc (webtiles) character file.

Game seed: 10075824150117077121

39 Pixllover the Trooper (level 3, -3/24 HPs)
             Began as a Gargoyle Berserker on Sept 16, 2023.
             Was a Believer of Trog.
             Slain by Terence
             ... wielding a +0 mace
              (6 damage)
             ... on level 2 of the Dungeon.
             The game lasted 00:03:44 (1309 turns).

Pixllover the Trooper (Gargoyle Berserker)          Turns: 1309, Time: 00:03:45

Health: -3/24      AC: 12    Str: 20    XL:     3   Next: 47%
Magic:  3/3        EV:  8    Int:  7    God:    Trog [**....]
Gold:   45         SH:  0    Dex: 11    Spells: 2/2 levels left

rFire   . . .        a - +0 mace
rCold   . . .        (no shield)
rNeg    + . .        c - +0 chain mail
rPois   ∞            (no helmet)
rElec   +            (no cloak)
rCorr   .            (no gloves)
SInv    .            (no boots)
Will    .....        (no amulet) Stlth
                     (no ring)
HPRegen 0.24/turn    (no ring)
MPRegen 0.08/turn

%: no passive effects
@: no status effects
A: sickness immunity, AC +3, negative energy resistance 1, electricity
resistance, torment resistance 1, petrification resistance
a: Renounce Religion, Berserk, Trog's Hand


You were on level 2 of the Dungeon.
You worshipped Trog.
Trog was pleased with you.
You visited 1 branch of the dungeon, and saw 2 of its levels.

You collected 45 gold pieces.

Inventory:

Hand Weapons
 a - a +0 mace (weapon)
Armour
 c - a +0 chain mail (worn)


   Skills:
 + Level 3.9 Fighting
 + Level 3.6 Maces & Flails
 + Level 2.4 Armour
 + Level 1.8 Dodging


You had 2 spell levels left.
You didn't know any spells.
Your spell library was empty.

Dungeon Overview and Level Annotations

Branches:
Dungeon (2/15)

Altars:

Annotations:
D:2 Robin, Sigmund, Terence


Innate Abilities, Weirdness & Mutations

You are immune to sickness and miasma.
Your stone body is resilient. (AC +3)
You are immune to poison.
You resist negative energy. (rN+)
You are resistant to electric shocks. (rElec)
You are resistant to unholy torment.
You are immune to petrification.


Message History

Terence barely misses you.
You hit Terence but do no damage.
Terence is moderately wounded.
Terence hits you but does no damage.
You hit Terence but do no damage.
Terence is moderately wounded.
Terence hits you with a +0 mace. Terence hits you but does no damage.
You hit Terence.
Terence is severely wounded.
Terence hits you with a +0 mace.
You hit Terence but do no damage.
Terence is severely wounded.
Terence hits you with a +0 mace.
You barely miss Terence.
Terence is severely wounded.
Terence closely misses you.
You hit Terence but do no damage.
Terence is severely wounded.
Terence hits you with a +0 mace.
* * * LOW HITPOINT WARNING * * *
Terence closely misses you.
You completely miss Terence.
Terence is severely wounded.
Terence barely misses you.
You barely miss Terence.
Terence is severely wounded.
The hobgoblin shouts!
Terence hits you but does no damage.
You barely miss Terence.
Terence is severely wounded.
Terence hits you but does no damage.
You hit Terence but do no damage.
Terence is severely wounded.
Terence barely misses you.
You hit Terence but do no damage.
Terence is severely wounded.
Terence hits you with a +0 mace.
* * * LOW HITPOINT WARNING * * *
Terence hits you with a +0 mace.
You die...

#.##.# ).. .#######.##.#
#.##.#..†....##.#
...............>##
#.##.#.#<†.......# . .
#.##.#.#.#.####..# ....
#.##.#.#.#.####..#
)....##......#.#.. )...#
.....g@@.....#.######.##
.....##......#..........
... #......########.## .
#...g..# ###.# #......#
####...#
#......###....###
####.#.##..#### ##
#.#.##.## #. ..#....#


You could see Terence, a hobgoblin and a goblin.

Vanquished Creatures
  A dart slug (D:1)
  4 bats
  5 endoplasms
  A giant cockroach (D:1)
  5 goblins (D:1)
  3 hobgoblins
  2 jackals (D:1)
  2 kobolds (D:1)
  2 quokkas (D:1)
  4 ball pythons (D:1)
  2 rats (D:1)
31 creatures vanquished.

Notes
Turn   | Place    | Note
-------+----------+-------------------------------------------
     0 | D:1      | Pixllover the Gargoyle Berserker began the quest for the
                  | Orb.
     0 | D:1      | Reached XP level 1. HP: 14/14 MP: 1/1
    99 | D:1      | Reached XP level 2. HP: 3/19 MP: 2/2
   488 | D:1      | Reached XP level 3. HP: 24/24 MP: 3/3
   506 | D:1      | Reached ** piety under Trog
  1075 | D:2      | Noticed Sigmund
  1132 | D:2      | Noticed Terence
  1137 | D:2      | Noticed Robin
  1309 | D:2      | Slain by Terence

Illustrated notes

Levels and vault maps discovered:
D:1:      onia_arrival_pentagram, layout_loops_corners, minmay_misc_feat_doors
D:2:      layout_basic, uniq_sigmund, uniq_robin, uniq_terence

Action                     || total
---------------------------++-------
  Melee: Mace              ||    95
         Punch             ||     1
 Armour: Animal skin       ||    53
         Chain mail        ||    60
  Dodge: Dodged            ||   106

Table legend: (Time is in decaauts)
 A = Elapsed time spent in this place.
 B = Non-inter-level travel time spent in this place.
 C = Inter-level travel time spent in this place.
 D = Time resting spent in this place.
 E = Time spent auto-exploring this place.
 F = Levels seen in this place.
 G = Mean time per level.
                   A        B        C        D        E       F      G
               +--------+--------+--------+--------+--------+-----+--------+
         Total |   1333 |   1321 |     12 |     98 |    722 |   2 |  666.5 |
       Dungeon |   1333 |   1321 |     12 |     98 |    722 |   2 |  666.5 |
               +--------+--------+--------+--------+--------+-----+--------+

Top non-repeatable levels by time:
     D:1: 1185 daAuts
     D:2: 147 daAuts
